[Event "Titled Tuesday Blitz March 28 Early 2023"]
[White "Alekseenko, Kirill"]
[Black "Albornoz Cabrera, Carlos Daniel"]
[WhiteFideId "4135539"]
[BlackFideId "3518736"]
[WhiteElo "2683"]
[BlackElo "2501"]
[Result "1-0"]
[Round "04"]
[TimeControl "180+2"]
[Date "2023.03.28"]
[WhiteClock "0:00:35"]
[BlackClock "0:00:13"]

1. d4 Nf6 2. Nc3 d5 3. Bf4 e6 4. Nb5 Na6 5. e3 c6 6. Nc3 Qa5 7. Bd3 c5 8. Nf3 c4 9. Be2 Ne4 10. O-O Nxc3 11. bxc3 Qxc3 12. e4 dxe4 13. Ne5 Bd6 14. Bxc4 O-O 15. Bb3 Qc7 16. Bg3 Nc5 17. Qh5 Nxb3 18. cxb3 f5 19. Rac1 Qe7 20. f3 g6 21. Qh6 Bd7 22. fxe4 Rac8 23. Rxc8 Rxc8 24. Nxg6 hxg6 25. Qxg6+ Kf8 26. exf5 e5 27. Qh6+ Kg8 28. Bh4 Qf8 29. Qg6+ Qg7 30. Qxd6 Bc6 31. d5 Bb5 32. Qe6+ Kh7 33. Qxc8 Bxf1 34. Kxf1 Qg4 35. Qxb7+ Kh6 36. Qa6+ Kh5 37. Qg6+ Kxh4 38. Qxg4+ Kxg4 39. f6 1-0


[Site "https://www.chess.com"]

[Event "Titled Tuesday Blitz March 28 Early 2023"]
[White "Kamsky, Gata"]
[Black "Preotu, Razvan"]
[WhiteFideId "2000024"]
[BlackFideId "2613280"]
[WhiteElo "2666"]
[BlackElo "2407"]
[Result "0-1"]
[Round "04"]
[TimeControl "180+2"]
[Date "2023.03.28"]
[WhiteClock "0:00:06"]
[BlackClock "0:00:01"]

1. d4 Nf6 2. Bf4 d5 3. e3 c5 4. c3 Nc6 5. Nd2 Bf5 6. Ngf3 Qb6 7. Qc1 h6 8. dxc5 Qxc5 9. Nd4 Bh7 10. b4 Qb6 11. Bb5 Nd7 12. N2f3 g5 13. Bg3 g4 14. Nh4 e5 15. Nxc6 bxc6 16. Be2 f5 17. h3 Rg8 18. hxg4 fxg4 19. Qd1 h5 20. a3 Be7 21. c4 Be4 22. Bd3 a5 23. Bxe4 dxe4 24. c5 Qb5 25. Nf5 axb4 26. Nxe7 Kxe7 27. Qd6+ Kd8 28. Rd1 Ra7 29. Rxh5 bxa3 30. Rh7 Qa5+ 31. Kf1 Qc7 32. Qe7+ Kc8 33. Qe6 Rd8 34. Bh4 a2 35. Ra1 Qb7 0-1


[Site "https://www.chess.com"]

[Event "Titled Tuesday Blitz March 28 Early 2023"]
[White "Makarian, Rudik"]
[Black "Molina, Roberto Junio Brito"]
[WhiteFideId "44105681"]
[BlackFideId "2109450"]
[WhiteElo "2436"]
[BlackElo "2376"]
[Result "1-0"]
[Round "04"]
[TimeControl "180+2"]
[Date "2023.03.28"]
[WhiteClock "0:00:13"]
[BlackClock "0:00:18"]

1. d4 d5 2. c4 c6 3. Nf3 Nf6 4. Nc3 dxc4 5. g3 b5 6. Bg2 Bb7 7. Ne5 a6 8. O-O e6 9. b3 cxb3 10. Qxb3 Be7 11. Rd1 O-O 12. Ne4 Nxe4 13. Bxe4 Bd6 14. Bf4 Qe7 15. Rac1 Rc8 16. Qf3 f6 17. Nxc6 Nxc6 18. Bxc6 Rxc6 19. Rxc6 Bxf4 20. gxf4 Qd7 21. Rd6 Qc7 22. Qa3 Re8 23. Qc5 Qf7 24. f3 h5 25. Kf2 e5 26. dxe5 fxe5 27. Rd7 Qxf4 28. Rg1 Qxh2+ 29. Rg2 Qh4+ 30. Kf1 Bxf3 31. Rgxg7+ Kh8 32. Rh7+ Kg8 33. Rdg7# 1-0


[Site "https://www.chess.com"]

[Event "Titled Tuesday Blitz March 28 Early 2023"]
[White "Harshavardhan G B"]
[Black "Xu, Xiangyu"]
[WhiteFideId "25059009"]
[BlackFideId "8608288"]
[WhiteElo "2323"]
[BlackElo "2477"]
[Result "0-1"]
[Round "04"]
[TimeControl "180+2"]
[Date "2023.03.28"]
[WhiteClock "0:00:04"]
[BlackClock "0:00:06"]

1. d4 Nf6 2. c4 e6 3. Nc3 Bb4 4. f3 d5 5. a3 Be7 6. e4 dxe4 7. fxe4 c5 8. d5 exd5 9. exd5 O-O 10. Nf3 Bg4 11. Be2 Bd6 12. O-O a6 13. h3 Bxf3 14. Bxf3 Nbd7 15. Bg5 h6 16. Bh4 Qc7 17. Qc2 Rae8 18. Ne4 Be5 19. Rae1 Nxe4 20. Bxe4 Qd6 21. Bh7+ Kh8 22. Bf5 Bd4+ 23. Kh1 Ne5 24. b3 g6 25. Bd3 f5 26. Bg3 Qf6 27. b4 b6 28. Qd2 Kg7 29. Bf4 g5 30. Be3 Bxe3 31. Qxe3 f4 32. Qe4 Nxd3 33. Qxd3 Qd6 34. Qc3+ Qf6 35. Qd3 Qd6 36. Qc3+ Kf7 37. Qd3 Qg6 38. Qb3 Qd6 39. bxc5 bxc5 40. Qb7+ Kg6 41. Rb1 Rf6 42. Qa7 f3 43. Rxf3 Rxf3 44. gxf3 Qg3 0-1


[Site "https://www.chess.com"]

[Event "Titled Tuesday Blitz March 28 Early 2023"]
[White "Terry, Renato"]
[Black "Kosteniuk, Alexandra"]
[WhiteFideId "3803457"]
[BlackFideId "4128125"]
[WhiteElo "2579"]
[BlackElo "2453"]
[Result "1/2-1/2"]
[Round "04"]
[TimeControl "180+2"]
[Date "2023.03.28"]
[WhiteClock "0:00:11"]
[BlackClock "0:00:16"]

1. Nf3 f5 2. d3 Nf6 3. e4 d6 4. Nc3 e5 5. exf5 Bxf5 6. d4 Nc6 7. Bb5 exd4 8. Nxd4 Bd7 9. O-O Nxd4 10. Qxd4 Bxb5 11. Nxb5 Qd7 12. Qc4 c6 13. Re1+ Be7 14. Nd4 d5 15. Qd3 O-O 16. Bg5 Rae8 17. Qf5 Qxf5 18. Nxf5 Bc5 19. Be3 Bxe3 20. Nxe3 Ne4 21. f3 Nd6 22. Rad1 Re6 23. Ng4 Rfe8 24. Rxe6 Rxe6 25. Kf2 Nf5 26. f4 Re4 27. g3 h5 28. Ne5 Ne3 29. Rc1 Nc4 30. Nd3 Ne3 31. h3 Nf5 32. Nc5 Re7 33. g4 hxg4 34. hxg4 Nd6 35. Kf3 Nc4 36. b3 Nd2+ 37. Kf2 Ne4+ 38. Nxe4 Rxe4 39. Kf3 Kf7 40. c4 Rd4 41. Ke3 Re4+ 42. Kf3 Rd4 43. Ke3 Re4+ 44. Kf3 1/2-1/2


[Site "https://www.chess.com"]

[Event "Titled Tuesday Blitz March 28 Early 2023"]
[White "Santos Ruiz, Miguel"]
[Black "Dardha, Daniel"]
[WhiteFideId "22291482"]
[BlackFideId "240990"]
[WhiteElo "2504"]
[BlackElo "2581"]
[Result "0-1"]
[Round "04"]
[TimeControl "180+2"]
[Date "2023.03.28"]
[WhiteClock "0:00:18"]
[BlackClock "0:01:47"]

1. e4 b5 2. Bxb5 Bb7 3. d3 f5 4. exf5 Bxg2 5. Qh5+ g6 6. fxg6 Bg7 7. gxh7+ Kf8 8. hxg8=Q+ Kxg8 9. Qg4 Bxh1 10. Nf3 e6 11. Qe4 c6 12. Nbd2 Qf6 13. Ba4 Rh3 14. Qb4 Bxf3 15. Nxf3 Qxf3 16. Qb7 Rxh2 17. Be3 Rh1+ 18. Kd2 Rxa1 0-1


[Site "https://www.chess.com"]

[Event "Titled Tuesday Blitz March 28 Early 2023"]
[White "Aradhya, Garg"]
[Black "Vasquez Schroeder, Rodrigo"]
[WhiteFideId "25006746"]
[BlackFideId "3400042"]
[WhiteElo "2263"]
[BlackElo "2600"]
[Result "1-0"]
[Round "04"]
[TimeControl "180+2"]
[Date "2023.03.28"]
[WhiteClock "0:00:43"]
[BlackClock "0:01:33"]

1. d4 d5 2. c4 c6 3. Nc3 Nf6 4. e3 e6 5. Nf3 Nbd7 6. Be2 b6 7. O-O Bb7 8. b3 Bd6 9. Bb2 O-O 10. Qc2 Rc8 11. Rad1 Qe7 12. Rfe1 c5 13. dxc5 Nxc5 14. Nb5 Bb8 15. Qb1 h6 16. cxd5 Bxd5 17. Nc3 Bb7 18. Nd4 Rfd8 19. Bf3 Bxf3 20. Nxf3 Qb7 21. h3 a6 22. Rxd8+ Rxd8 23. Rd1 Rd7 24. b4 Rxd1+ 25. Qxd1 Ncd7 26. a4 Qc6 27. Qd3 Bc7 28. Qxa6 Ne5 29. Qc8+ Kh7 30. Nxe5 Qd6 31. Nf3 Qxb4 32. Qxc7 Qxb2 33. Qc4 Qc1+ 34. Kh2 Nd5 35. Qd3+ 1-0


[Site "https://www.chess.com"]

[Event "Titled Tuesday Blitz March 28 Early 2023"]
[White "Papasimakopoulos, Alexandros"]
[Black "Moroni, Luca Jr"]
[WhiteFideId "4244125"]
[BlackFideId "865834"]
[WhiteElo "2359"]
[BlackElo "2569"]
[Result "1-0"]
[Round "04"]
[TimeControl "180+2"]
[Date "2023.03.28"]
[WhiteClock "0:00:02"]
[BlackClock "0:00:02"]

1. d4 d6 2. Nf3 g6 3. c4 Bg7 4. Nc3 Nc6 5. Bg5 h6 6. Bf4 Bg4 7. d5 Nb8 8. e4 Nd7 9. Be2 Ngf6 10. O-O Nh5 11. Bd2 O-O 12. Re1 c6 13. Be3 cxd5 14. exd5 Bxf3 15. Bxf3 Nhf6 16. Bd4 a6 17. Qd2 Rc8 18. b3 Nh7 19. Bxg7 Kxg7 20. Re3 Nhf6 21. Rae1 Re8 22. a4 Nc5 23. Bd1 e5 24. dxe6 Rxe6 25. Rxe6 Nxe6 26. Bc2 Qa5 27. Rd1 Rd8 28. g3 Ng5 29. Kg2 Qc5 30. h4 Ne6 31. Nd5 Nxd5 32. Qxd5 b6 33. Be4 a5 34. Qd2 Qe5 35. Bc2 Nc5 36. Re1 Qf6 37. Re3 Rd7 38. h5 g5 39. Qd5 Re7 40. Rf3 Qe5 41. Qc6 Ne6 42. Qe4 Qxe4 43. Bxe4 Nc5 44. Bd5 f6 45. g4 Re5 46. Kg3 1-0


[Site "https://www.chess.com"]

[Event "Titled Tuesday Blitz March 28 Early 2023"]
[White "Deac, Bogdan-Daniel"]
[Black "Guerrero Olmos, Sergio"]
[WhiteFideId "1226380"]
[BlackFideId "2257238"]
[WhiteElo "2649"]
[BlackElo "2266"]
[Result "1-0"]
[Round "04"]
[TimeControl "180+2"]
[Date "2023.03.28"]
[WhiteClock "0:00:33"]
[BlackClock "0:00:37"]

1. b3 d5 2. Bb2 Bf5 3. e3 Nf6 4. c4 e6 5. cxd5 exd5 6. Qf3 Bg6 7. Bxf6 Qxf6 8. Qxf6 gxf6 9. Ne2 Nc6 10. Nf4 Nb4 11. Nxg6 hxg6 12. Kd1 O-O-O 13. a3 Nc6 14. d4 f5 15. g3 Bg7 16. Nc3 a6 17. b4 Nxd4 18. exd4 Bxd4 19. Rc1 Bxf2 20. Bg2 c6 21. Ke2 Ba7 22. Kd3 Kb8 23. Rce1 Rde8 24. Rxe8+ Rxe8 25. Nd1 Kc7 26. h4 Kd6 27. h5 Rh8 28. hxg6 Rxh1 29. g7 Rxd1+ 30. Ke2 Rg1 31. Kf3 1-0


[Site "https://www.chess.com"]

[Event "Titled Tuesday Blitz March 28 Early 2023"]
[White "Danielyan, Vahe"]
[Black "Movahed, Sina"]
[WhiteFideId "13304828"]
[BlackFideId "42520835"]
[WhiteElo "2423"]
[BlackElo "2225"]
[Result "1-0"]
[Round "04"]
[TimeControl "180+2"]
[Date "2023.03.28"]
[WhiteClock "0:00:31"]
[BlackClock "0:00:14"]

1. e4 c5 2. Nc3 d6 3. d4 cxd4 4. Qxd4 Nc6 5. Qd2 g6 6. b3 Bh6 7. f4 Nf6 8. Bb2 O-O 9. O-O-O e5 10. g3 Re8 11. Bg2 Bg4 12. Bf3 Bxf3 13. Nxf3 exf4 14. Rhe1 Ne5 15. Ng1 Nh5 16. Nd5 Rc8 17. Kb1 Qd7 18. gxf4 Qg4 19. h3 Qh4 20. Rf1 Ng3 21. Qe1 Nd7 22. Ne2 Nf5 23. exf5 Qh5 24. Ng3 Qxh3 25. Qf2 Qg4 26. Rh1 Bg7 27. f6 Bf8 28. Ne7+ Bxe7 29. fxe7 Rxe7 30. Qd4 f6 31. Ne4 Qf5 32. Nxf6+ Nxf6 33. Qxf6 Qxf6 34. Bxf6 Rf7 35. Rxd6 Rc6 36. Rxc6 bxc6 37. Bg5 Kg7 38. Kb2 Rf5 39. Kc3 Rc5+ 40. Kd3 Rd5+ 41. Kc4 Rd2 42. Kc3 Rd5 43. b4 a6 44. a4 Rf5 45. Kc4 Rd5 46. c3 Rf5 47. Re1 h6 48. Re7+ Kf8 49. Re5 Rxe5 50. Bxh6+ 1-0


[Site "https://www.chess.com"]

[Event "Titled Tuesday Blitz March 28 Early 2023"]
[White "Fedoseev, Vladimir"]
[Black "Pichot, Alan"]
[WhiteFideId "24130737"]
[BlackFideId "110973"]
[WhiteElo "2752"]
[BlackElo "2573"]
[Result "1-0"]
[Round "04"]
[TimeControl "180+2"]
[Date "2023.03.28"]
[WhiteClock "0:00:12"]
[BlackClock "0:00:02"]

1. e4 e5 2. Nf3 Nc6 3. Bb5 a6 4. Ba4 Nf6 5. O-O Bc5 6. Bxc6 dxc6 7. d3 Qe7 8. Bg5 h6 9. Be3 Bd6 10. Nbd2 Be6 11. d4 exd4 12. Bxd4 Bc5 13. c3 O-O-O 14. Qc2 g5 15. b4 Bxd4 16. Nxd4 Ng4 17. N2f3 Bc4 18. Rfe1 Rhe8 19. Rad1 Qf6 20. a4 Ne5 21. Nxe5 Qxe5 22. f3 Rd7 23. Nf5 Red8 24. Rd4 Be6 25. Rxd7 Rxd7 26. Nd4 g4 27. Qc1 gxf3 28. Nxf3 Qf6 29. Qe3 Kb8 30. h3 Bc4 31. Nd4 Qg6 32. Kh2 Re7 33. Qf4 Re8 34. Re3 h5 35. e5 Bd5 36. Rg3 Qb1 37. Rg7 Qe1 38. e6 Bxe6 39. Nxe6 Qxe6 40. Rxf7 Re7 41. Rf8+ Ka7 42. Qd4+ b6 43. Qh8 Qd6+ 44. Kg1 Re1+ 45. Kf2 Qd2+ 46. Kg3 Re3+ 47. Kh4 Qe1+ 48. Kxh5 Re5+ 49. Kg4 Qe2+ 50. Kg3 Re3+ 51. Kh2 b5 52. Ra8+ 1-0


[Site "https://www.chess.com"]

[Event "Titled Tuesday Blitz March 28 Early 2023"]
[White "Duda, Jan-Krzysztof"]
[Black "Flores, Diego"]
[WhiteFideId "1170546"]
[BlackFideId "108049"]
[WhiteElo "2790"]
[BlackElo "2606"]
[Result "1-0"]
[Round "04"]
[TimeControl "180+2"]
[Date "2023.03.28"]
[WhiteClock "0:00:22"]
[BlackClock "0:00:05"]

1. e4 c5 2. Nf3 e6 3. d4 cxd4 4. Nxd4 a6 5. c4 Nf6 6. Nc3 Qc7 7. a3 b6 8. Be3 Bb7 9. f3 Be7 10. Rc1 O-O 11. g4 Nc6 12. Nd5 exd5 13. cxd5 Nxd5 14. exd5 Bh4+ 15. Kd2 Rfe8 16. dxc6 dxc6 17. Bd3 Rxe3 18. Kxe3 Bg5+ 19. Kf2 Bxc1 20. Qxc1 Rd8 21. Qe3 Qd6 22. Rd1 Qxh2+ 23. Ke1 g6 24. Ne2 c5 25. Bc2 Qh4+ 26. Qf2 Qh1+ 27. Ng1 Re8+ 28. Kd2 Qh6+ 29. f4 Qg7 30. Kc1 c4 31. Nf3 c3 32. Ne5 cxb2+ 33. Kb1 f6 34. Rd7 1-0


[Site "https://www.chess.com"]

[Event "Titled Tuesday Blitz March 28 Early 2023"]
[White "Paravyan, David"]
[Black "Karthik, Venkataraman"]
[WhiteFideId "4194985"]
[BlackFideId "25006479"]
[WhiteElo "2577"]
[BlackElo "2419"]
[Result "1-0"]
[Round "04"]
[TimeControl "180+2"]
[Date "2023.03.28"]
[WhiteClock "0:00:05"]
[BlackClock "0:00:18"]

1. Nf3 d5 2. d4 Nf6 3. c4 e6 4. g3 Bb4+ 5. Bd2 a5 6. Bg2 O-O 7. O-O dxc4 8. Bg5 h6 9. Bxf6 Qxf6 10. a3 Bd6 11. e4 e5 12. Nc3 Nc6 13. Nd5 Qd8 14. dxe5 Nxe5 15. Qd4 Re8 16. Rac1 b5 17. a4 Nd3 18. axb5 Nxc1 19. Rxc1 Bg4 20. Qxc4 Rb8 21. Nd4 Bd7 22. f4 Qc8 23. e5 Bf8 24. Nxc7 Rd8 25. Bd5 Be8 26. e6 Rxd5 27. Qxd5 fxe6 28. Qxe6+ Qxe6 29. Ncxe6 Bb4 30. Nc6 Rxb5 31. Nxb4 Rxb4 32. Rc7 Bf7 33. Rc8+ Kh7 34. Nf8+ Kg8 35. Nd7+ Kh7 36. Nf8+ Kg8 37. Ng6+ Kh7 38. Ne5 Bd5 39. Rc5 Be4 40. Rc4 g5 41. Rxb4 axb4 42. fxg5 hxg5 43. Kf2 Kg7 44. Ke3 Bd5 45. Kd4 Be6 46. Nd3 b3 47. Nc5 Bf7 48. Ke5 Kg6 49. Ne4 Kh5 50. Nf6+ Kg6 51. Ng4 Bc4 52. Ne3 Be2 53. Kd4 Bb5 54. Kc3 Bc6 55. Kxb3 Kf6 56. Kc3 Ke5 57. Kd3 Bb5+ 58. Nc4+ Kd5 59. b3 Kc5 60. Kc3 Kd5 61. Kd3 Kc5 62. Ke4 Kb4 63. Kf5 Kxb3 64. Nd6 Bd7+ 65. Kxg5 Kc3 66. h4 Kd4 67. h5 Ke5 68. Nc4+ Ke6 69. g4 Ke7 70. Ne3 Bc6 71. Kh6 Kf8 72. g5 Kg8 73. g6 Be4 74. Ng4 1-0


[Site "https://www.chess.com"]

[Event "Titled Tuesday Blitz March 28 Early 2023"]
[White "Kezin, Roman"]
[Black "Martinez Alcantara, Jose Eduardo"]
[WhiteFideId "24124621"]
[BlackFideId "3805662"]
[WhiteElo "2497"]
[BlackElo "2712"]
[Result "1-0"]
[Round "04"]
[TimeControl "180+2"]
[Date "2023.03.28"]
[WhiteClock "0:00:05"]
[BlackClock "0:00:08"]

1. b3 d5 2. Bb2 Bf5 3. g3 e6 4. Bg2 Nf6 5. Nf3 h6 6. O-O Bh7 7. d3 Be7 8. c4 O-O 9. Nbd2 a5 10. a3 c6 11. Qc2 Nbd7 12. Bc3 c5 13. cxd5 Nxd5 14. Bb2 Rc8 15. Rac1 Nb8 16. Ne5 b6 17. Qb1 Nd7 18. Ndc4 Nxe5 19. Nxe5 Bd6 20. Qa1 Bxe5 21. Bxe5 f6 22. Bb2 Qd7 23. d4 cxd4 24. Bxd4 e5 25. Rxc8 Rxc8 26. Rd1 e4 27. Bxb6 Qb5 28. Bh3 Re8 29. Bxa5 Qxa5 30. b4 Qa8 31. Qa2 Kh8 32. Qxd5 Qxa3 33. b5 e3 34. f4 Qb2 35. Bg4 Bg8 36. Qc5 Qb3 37. Rd3 Qb1+ 38. Kg2 Rb8 39. Qxe3 Qxb5 40. Bf3 Re8 41. Qd2 Qb8 42. Rd4 Qc7 43. Rd7 Qc5 44. Qd4 Qc8 45. Qd3 Bc4 46. Qd2 Bb5 47. Rd4 Qc7 48. Re4 Rd8 49. Qe3 Qd6 50. Qc3 Bc6 51. Re3 Bb5 52. Re4 Bc6 53. Re3 Bb5 54. Qb2 Ba6 55. Ra3 Bc4 56. Rc3 Qd4 57. Qc1 Bb5 58. Rc8 Be8 59. Qc7 Rxc8 60. Qxc8 Qe3 61. Bh5 g6 62. Bf3 Kg7 63. Qc7+ Bf7 64. Kf1 Qd2 65. Qb7 h5 66. Kg2 h4 67. Qe4 Qc1 68. gxh4 Qc5 69. Qd3 Qb4 70. Qe3 Qa5 71. Qd4 Qf5 72. Kg3 Qe6 73. Bg4 Qe7 74. Bf3 Qa3 75. e4 Qc1 76. e5 Qe1+ 77. Qf2 Qc3 78. exf6+ Qxf6 79. Qe3 Kh7 80. Qe5 Qd8 81. Be4 Qb6 82. Bg2 Qb3+ 83. Bf3 Qb6 84. Qe1 Qf6 85. Qe5 Qb6 86. Kg2 Qb2+ 87. Qxb2 Bd5 88. Qe5 Bxf3+ 89. Kxf3 Kh6 90. Kg4 Kh7 91. Kg5 Kg8 92. Kxg6 Kf8 93. Qe4 Kg8 94. Qe8# 1-0


[Site "https://www.chess.com"]

[Event "Titled Tuesday Blitz March 28 Early 2023"]
[White "Wagner, Dennis"]
[Black "Gholami Orimi, Mahdi"]
[WhiteFideId "24650684"]
[BlackFideId "12558486"]
[WhiteElo "2470"]
[BlackElo "2363"]
[Result "0-1"]
[Round "04"]
[TimeControl "180+2"]
[Date "2023.03.28"]
[WhiteClock "0:00:01"]
[BlackClock "0:00:05"]

1. d4 Nf6 2. c4 c5 3. Nf3 cxd4 4. Nxd4 g6 5. Nc3 d5 6. cxd5 Nxd5 7. Ndb5 Nxc3 8. Qxd8+ Kxd8 9. Nxc3 Bg7 10. Bf4 Bf5 11. O-O-O+ Nd7 12. e4 Be6 13. Bb5 Bxc3 14. bxc3 a6 15. Bxd7 Bxd7 16. Rd4 Ke8 17. Rhd1 Bc6 18. Bc7 f6 19. f3 Kf7 20. Bb6 Rac8 21. a4 h5 22. h4 g5 23. hxg5 fxg5 24. a5 h4 25. Rh1 Rcg8 26. Rdd1 g4 27. Bd4 Rh5 28. Rdf1 Ke6 29. Kd2 g3 30. Rh3 Rxa5 31. Ke3 Ra2 32. Rg1 a5 33. Rxh4 a4 34. Rh6+ Kd7 35. Rh7 Kd6 36. Rh6+ e6 37. Rh5 Kc7 38. Bc5 Rc2 39. Rh7+ Kb8 40. Bb4 Ka8 41. Kd4 Rg5 42. f4 Rg8 43. Kc5 Bxe4 44. Re7 Bxg2 45. Kb6 Bc6 46. Rf7 g2 47. Rc7 Rf2 48. Rd1 Rf1 49. Rd6 g1=Q+ 0-1


[Site "https://www.chess.com"]

[Event "Titled Tuesday Blitz March 28 Early 2023"]
[White "Csonka, Balazs"]
[Black "Bacrot, Etienne"]
[WhiteFideId "742910"]
[BlackFideId "605506"]
[WhiteElo "2404"]
[BlackElo "2663"]
[Result "0-1"]
[Round "04"]
[TimeControl "180+2"]
[Date "2023.03.28"]
[WhiteClock "0:00:02"]
[BlackClock "0:00:08"]

1. e4 c5 2. Nf3 d6 3. d4 cxd4 4. Nxd4 Nf6 5. Nc3 Nc6 6. Bg5 e6 7. Bb5 Bd7 8. Qd3 Qb6 9. O-O-O Ng4 10. Qg3 Nge5 11. Be3 Qa5 12. f4 Nxd4 13. Bxd7+ Nxd7 14. Bxd4 b5 15. Kb1 b4 16. Ne2 Rc8 17. Nc1 Qc7 18. Rd2 a5 19. Rhd1 a4 20. b3 Qc6 21. Re2 h5 22. Nd3 Qb5 23. Qf3 h4 24. Nb2 a3 25. Nc4 Rxc4 26. bxc4 Qxc4 27. Qd3 Qc6 28. Qb3 Rh5 29. f5 Kd8 30. Qxb4 exf5 31. Qa5+ Qc7 32. Qa8+ Qc8 33. Qa5+ Qc7 34. Qxa3 fxe4 35. Qa8+ Qc8 36. Qxc8+ Kxc8 37. Rxe4 Rb5+ 38. Kc1 g5 39. c3 Kc7 40. Kc2 f5 41. Re8 Ra5 42. Ra1 g4 43. a4 f4 44. Ree1 Bh6 45. Reb1 Kc6 46. Rb5 Ra8 47. Rh5 Bf8 48. Rxh4 Re8 49. Rxg4 Bh6 50. Kd3 Rf8 51. Rf1 Ra8 52. Rfxf4 Bxf4 53. Rxf4 Rxa4 54. h4 Ra2 55. Rg4 Kd5 56. Rg5+ Ke6 57. h5 Ra1 58. g4 Rh1 59. Rg6+ Ke7 60. Rg7+ Ke6 61. Rg6+ Ke7 62. h6 Nf8 63. Rg7+ Ke8 64. g5 Ne6 65. Rg6 Nf4+ 66. Ke4 Nxg6 67. Kd5 Kd7 68. Bf6 Rh4 69. c4 Ne7+ 70. Bxe7 Kxe7 0-1


[Site "https://www.chess.com"]

[Event "Titled Tuesday Blitz March 28 Early 2023"]
[White "Salemgareev, Tagir"]
[Black "Kozak, Adam"]
[WhiteFideId "24199052"]
[BlackFideId "753246"]
[WhiteElo "2366"]
[BlackElo "2469"]
[Result "1/2-1/2"]
[Round "04"]
[TimeControl "180+2"]
[Date "2023.03.28"]
[WhiteClock "0:01:44"]
[BlackClock "0:01:48"]

1. d4 Nf6 2. c4 g6 3. Nc3 d5 4. cxd5 Nxd5 5. e4 Nxc3 6. bxc3 Bg7 7. Be3 O-O 8. Nf3 c5 9. Qd2 Qa5 10. Rc1 Rd8 11. d5 Bg4 12. Ng5 Na6 13. h4 h6 14. Nh3 Bxh3 15. Rxh3 h5 16. g4 hxg4 17. Rg3 e6 18. Rxg4 e5 19. h5 Rd6 20. hxg6 Rxg6 21. Rxg6 fxg6 22. Bh3 1/2-1/2


[Site "https://www.chess.com"]

[Event "Titled Tuesday Blitz March 28 Early 2023"]
[White "Krysa, Leandro"]
[Black "Hansen, Eric"]
[WhiteFideId "116807"]
[BlackFideId "2606771"]
[WhiteElo "2485"]
[BlackElo "2569"]
[Result "0-1"]
[Round "04"]
[TimeControl "180+2"]
[Date "2023.03.28"]
[WhiteClock "0:00:01"]
[BlackClock "0:00:13"]

1. e4 c5 2. Nf3 e6 3. d4 cxd4 4. Nxd4 a6 5. a3 Qc7 6. c4 Nf6 7. Nc3 b6 8. Be3 Bb7 9. f3 d6 10. Rc1 Nbd7 11. Be2 Be7 12. Kd2 O-O 13. Kc2 Rfc8 14. Kb1 Ne5 15. g4 Qd8 16. Qf1 Rc7 17. g5 Nfd7 18. f4 Nc6 19. h4 Nxd4 20. Bxd4 Rac8 21. g6 hxg6 22. h5 Bf6 23. Bxf6 Nxf6 24. hxg6 fxg6 25. Qh3 Kf7 26. Bd3 Rxc4 27. Bxc4 Rxc4 28. f5 exf5 29. exf5 Bxh1 30. fxg6+ Kxg6 31. Rxh1 Qc8 32. Rg1+ Kf7 33. Qd3 Rg4 34. Re1 Qc5 35. Qxa6 Rg1 36. Rxg1 Qxg1+ 37. Ka2 Qc5 38. Qb7+ Kg8 39. Qb8+ Kh7 40. Qb7 d5 41. Qf7 d4 42. Nd1 b5 43. Qb3 Qc4 44. Nf2 Nd5 45. Qxc4 bxc4 46. a4 Kg6 47. a5 Kf5 48. Kb1 Nb4 49. Kc1 g5 50. Kd2 g4 51. Nd1 g3 52. Ke2 Ke4 0-1


[Site "https://www.chess.com"]

[Event "Titled Tuesday Blitz March 28 Early 2023"]
[White "Sasikiran, Krishnan"]
[Black "Bolourchifard, Farzad"]
[WhiteFideId "5004985"]
[BlackFideId "12510084"]
[WhiteElo "2567"]
[BlackElo "2317"]
[Result "0-1"]
[Round "04"]
[TimeControl "180+2"]
[Date "2023.03.28"]
[WhiteClock "0:00:10"]
[BlackClock "0:00:12"]

1. e4 e5 2. Nf3 Nc6 3. Bb5 a6 4. Ba4 Nf6 5. O-O b5 6. Bb3 Bc5 7. a4 Rb8 8. c3 d6 9. d4 Bb6 10. a5 Ba7 11. h3 h6 12. Be3 O-O 13. Nbd2 Re8 14. Re1 Ra8 15. Bc2 Bb7 16. Bb1 Nb8 17. dxe5 Bxe3 18. Rxe3 dxe5 19. b4 Nbd7 20. c4 Qe7 21. c5 Rad8 22. Qc2 Nf8 23. Ba2 Ne6 24. Rae1 Nd4 25. Qb2 Nc6 26. Nf1 Bc8 27. Ng3 Be6 28. Nf5 Qd7 29. Bxe6 Qxe6 30. N3h4 Kh7 31. Nf3 g6 32. Ng3 Rd7 33. Nf1 Red8 34. N1h2 Kg7 35. Nf1 Kg8 36. N1h2 Re8 37. Nf1 Qc4 38. Rb3 Nd4 39. Nxd4 Rxd4 40. Ne3 Qe6 41. f3 Red8 42. Rc3 c6 43. Rc2 Nh5 44. Kh2 Qf6 45. Kh1 Qf4 46. Rf2 Ng3+ 47. Kg1 h5 48. Nf1 h4 49. Ne3 Qxe3 0-1


[Site "https://www.chess.com"]

[Event "Titled Tuesday Blitz March 28 Early 2023"]
[White "Zhigalko, Sergei"]
[Black "Perez Gormaz, Matias"]
[WhiteFideId "13502956"]
[BlackFideId "3406342"]
[WhiteElo "2626"]
[BlackElo "2362"]
[Result "1-0"]
[Round "04"]
[TimeControl "180+2"]
[Date "2023.03.28"]
[WhiteClock "0:00:21"]
[BlackClock "0:00:02"]

1. e4 c5 2. Nf3 e6 3. c3 Nf6 4. e5 Nd5 5. Bc4 Be7 6. d4 cxd4 7. cxd4 O-O 8. O-O d6 9. Bd2 b6 10. Qe2 Bb7 11. Nc3 Nc7 12. Rad1 d5 13. Bd3 Ba6 14. h4 Bxh4 15. g3 Be7 16. Kg2 Bxd3 17. Qxd3 f5 18. exf6 Bxf6 19. Rh1 g6 20. Ne2 Nc6 21. Nf4 Rf7 22. Rc1 Ne7 23. Nh3 Nf5 24. Nhg5 Re7 25. Bf4 Ne8 26. g4 Nfd6 27. Ne5 Rg7 28. Nxh7 Ne4 29. Qh3 Be7 30. Nf6+ 1-0


[Site "https://www.chess.com"]

[Event "Titled Tuesday Blitz March 28 Early 2023"]
[White "Ozen, Deniz"]
[Black "Araujo Sanchez, Josue"]
[WhiteFideId "6349196"]
[BlackFideId "6416896"]
[WhiteElo "2303"]
[BlackElo "2416"]
[Result "0-1"]
[Round "04"]
[TimeControl "180+2"]
[Date "2023.03.28"]
[WhiteClock "0:00:06"]
[BlackClock "0:00:07"]

1. e4 c5 2. Nf3 d6 3. Bb5+ Nd7 4. O-O a6 5. Bd3 Ngf6 6. c3 e6 7. Bc2 Be7 8. d4 O-O 9. Re1 b5 10. Nbd2 Bb7 11. Nf1 Rc8 12. Ng3 Qc7 13. Bd3 Rfe8 14. h3 Bf8 15. Be3 Nb6 16. Qe2 Nc4 17. Bg5 cxd4 18. Bxf6 gxf6 19. Nh5 Be7 20. b3 Kh8 21. bxc4 bxc4 22. Bb1 d3 23. Qe3 Rg8 24. a4 d5 25. e5 Bc5 26. Qh6 Rg6 27. Qf4 Rcg8 28. g4 f5 29. g5 Qb6 30. Rf1 d4 31. Nf6 Rxf6 32. exf6 dxc3 33. Ne5 Rf8 34. g6 fxg6 35. Nxg6+ Kg8 36. Nxf8 Bxf8 37. Qg5+ Kf7 38. Ba2 Qc6 39. f3 c2 40. Rae1 Qc5+ 41. Kh1 Qd4 42. Qh5+ Kxf6 43. h4 Qf4 44. Qg5+ Qxg5 45. hxg5+ Kxg5 46. Bxc4 d2 47. Rg1+ Kf4 48. Ref1 Bxf3+ 49. Rxf3+ Kxf3 50. Bxe6 c1=Q 51. Bd5+ Ke3 52. Kh2 Qxg1+ 53. Kxg1 d1=Q+ 54. Kh2 Qxd5 55. a5 Bd6+ 56. Kh3 Qf3+ 57. Kh4 Qg4# 0-1


[Site "https://www.chess.com"]

[Event "Titled Tuesday Blitz March 28 Early 2023"]
[White "Rustemov, Alexander"]
[Black "Ozdemir, Serhan Berat"]
[WhiteFideId "4119002"]
[BlackFideId "6374611"]
[WhiteElo "2869"]
[BlackElo "2015"]
[Result "1-0"]
[Round "04"]
[TimeControl "180+2"]
[Date "2023.03.28"]
[WhiteClock "0:01:31"]
[BlackClock "0:00:05"]

1. d4 Nf6 2. c4 e6 3. Nf3 Bb4+ 4. Bd2 a5 5. g3 d5 6. Qc2 O-O 7. Bg2 Be7 8. O-O c6 9. Bf4 Nbd7 10. Rd1 b6 11. Nc3 Ba6 12. b3 Rc8 13. Ne5 Bb4 14. a3 Be7 15. e4 dxc4 16. Nxc4 Nh5 17. Be3 b5 18. Ne5 Nhf6 19. b4 Qc7 20. Nd3 e5 21. dxe5 Ng4 22. Bf4 Ngxe5 23. Bh3 Bd6 24. Bxd7 Nxd7 25. Bxd6 Qxd6 26. Nc5 1-0


[Site "https://www.chess.com"]